 Dungeon Crawl Stone Soup version 0.31.0-32-g396128a36d (webtiles) character file.

Game seed: 9837530804388975799

14022 firemarshallily the Fighter (level 11, 0/96 HPs)
             Began as a Demonspawn Gladiator on Mar 9, 2024.
             Was a High Priest of Uskayaw.
             Slain by a large abomination (22 damage)
             ... in a Gauntlet on Mar 10, 2024.
             The game lasted 00:35:35 (10679 turns).

firemarshallily the Fighter (Demonspawn Gladiator) Turns: 10679, Time: 00:35:36

Health: 0/96       AC: 15    Str: 14    XL:     11   Next: 83%
Magic:  11/11      EV: 19    Int:  9    God:    Uskayaw [*****.]
Gold:   1532       SH:  8    Dex: 25    Spells: 10/10 levels left

rFire   . . .        L - +3 scimitar (venom)
rCold   + . .        k - +1 buckler {AC+3}
rNeg    . . .        N - +0 steam dragon scales
rPois   .            J - +2 helmet
rElec   +            (no cloak)
rCorr   .            f - +0 pair of gloves
SInv    .            (no boots)
Will    .....        (no amulet)
Stlth   ++           q - +6 ring of dexterity
HPRegen 0.36/turn    u - +4 ring of slaying
MPRegen 0.12/turn

%: no teleportation, clarity
@: studying Maces & Flails
A: hooves 1, ignite blood 2, spiny 3, sharp scales 2, clarity, cold resistance
1, electricity resistance
a: Renounce Religion, Stomp, Line Pass, Grand Finale


You were in a Gauntlet.
You worshipped Uskayaw.
Uskayaw was noncommittal.
You visited 3 branches of the dungeon, and saw 13 of its levels.
You also visited: Bailey and Gauntlet.

You collected 1884 gold pieces.
You spent 352 gold pieces at shops.

Inventory:

Hand Weapons
 a - a +0 long sword
 L - a +3 scimitar of venom (weapon)
Missiles
 d - 7 throwing nets
 e - 5 javelins
 h - 22 boomerangs
 l - 22 poisoned darts (quivered)
 m - 8 curare-tipped darts
 v - 4 datura-tipped darts
 E - 8 atropa-tipped darts
Armour
 f - a +0 pair of gloves (worn)
 k - a +1 buckler of protection (worn)
 J - a +2 helmet (worn)
 N - +0 steam dragon scales (worn)
Magical Staves
 z - the staff of Offence {rPois rCorr Alchemy}
   (You found it in a Gauntlet)

   [staff of alchemy]

   Base accuracy: +5 Base damage: 5 Base attack delay: 1.2 This weapon's minimum
   attack delay (0.6) is reached at skill level 12.
   rPois:     It protects you from poison rCorr: It protects you from acid and
   corrosion.
   Alchemy:   It increases the power of your Alchemy spells.
   It falls into the 'Staves' category.
   It is a one-handed weapon.
Jewellery
 b - a ring of wizardry
 j - a ring of fire
 q - a +6 ring of dexterity (left hand)
 u - a +4 ring of slaying (right hand)
 y - a ring of protection from cold
 H - a ring of magical power
Wands
 c - a wand of flame (6)
 s - a wand of iceblast (26)
 F - a wand of polymorph (19)
Scrolls
 g - 4 scrolls of noise
 i - a scroll of identify
 o - 3 scrolls of fear
 p - a scroll of immolation
 r - 6 scrolls of vulnerability
 t - 3 scrolls of teleportation
 w - 2 scrolls of fog
 x - a scroll of blinking
 B - 2 scrolls of enchant weapon
Potions
 n - 4 potions of brilliance
 A - 2 potions of invisibility
 C - 5 potions of attraction
 D - a potion of mutation
 G - 7 potions of curing
 I - 2 potions of cancellation
 P - a potion of might
 R - a potion of berserk rage
 S - a potion of magic


   Skills:
 * Level 12.4 Fighting
 + Level 8.4 Long Blades
 - Level 1.7 Throwing
 - Level 5.0 Armour
 + Level 8.4 Dodging
 - Level 6.0 Shields


You had 10 spell levels left.
You didn't know any spells.
Your spell library contained the following spells:

 Spells                   Type           Power      Damage    Failure   Level
 Kiss of Death            Conj/Necr      0%         2d5       45%         1
 Sting                    Conj/Alch      0%         1d3       45%         1
 Cigotuvi's Dreadful Rot  Necr/Alch/Air  0%         N/A       61%         2
 Ensorcelled Hibernation  Hex/Ice        0%         N/A       61%         2
 Confusing Touch          Hex            0%         N/A       83%         3
 Ozocubu's Armour         Ice            0%         N/A       83%         3
 Passwall                 Erth           0%         N/A       83%         3
 Swiftness                Air            0%         N/A       83%         3
 Volatile Blastmotes      Fire/Tloc      0%         2d10      83%         3
 Animate Dead             Necr           0%         N/A       99%         4
 Dispel Undead            Necr           0%         3d6       99%         4
 Fulminant Prism          Conj/Alch      0%         3d5       99%         4
 Ignite Poison            Fire/Alch      0%         N/A       99%         4
 Iskenderun's Mystic Bla  Conj/Tloc      0%         2d3       99%         4
 Freezing Cloud           Conj/Ice/Air   0%         6-21      100%        5
 Iskenderun's Battlesphe  Conj           0%         2d6       100%        5
 Metabolic Englaciation   Hex/Ice        0%         N/A       100%        5
 Bombard                  Conj/Erth      0%         9d1       100%        6
 Sculpt Simulacrum        Ice/Alch       0%         N/A       100%        6
 Spellforged Servitor     Conj/Summ      0%         N/A       100%        7


Dungeon Overview and Level Annotations

Branches:
Dungeon (11/15)            Temple (1/1) D:4            Lair (1/5) D:10
    Orc (0/2) D:10         Bailey (visited)         Gauntlet (1/1)

Altars:
Ashenzari
Cheibriados
Dithmenos
Fedhas
Gozag
Hepliaklqana
Kikubaaqudgha
Makhleb
Nemelex Xobeh
Okawaru
Qazlal
Ru
Sif Muna
Trog
Uskayaw
Vehumet
Wu Jian
Xom
Yredelemnul

Shops:
D:11 :(([!

Annotations:
Gauntlet 7 transporters


Innate Abilities, Weirdness & Mutations

You have large cloven feet.
Your demonic aura often causes spilled blood to erupt in flames.
You are completely covered in sharp spines.
You are mostly covered in razor-sharp scales. (AC +2, Slay +2)
You possess an exceptional clarity of mind.
Your flesh is cold resistant. (rC+)
You are resistant to electric shocks. (rElec)


Message History

The small abomination misses you.
The large abomination barely misses you.
You block the small abomination's attack.
You slash the large abomination!
The large abomination is heavily damaged.
The large abomination is no longer sharing its pain.
The small abomination is no longer sharing its pain.
The small abomination hits you! The large abomination hits you!!
You block the small abomination's attack.
The small abomination is engulfed in blazing flames.
The small abomination completely misses you.
The small abomination is engulfed in blazing flames.
You destroy the small abomination!
You slash the large abomination!
The large abomination is severely damaged.
The small abomination is no longer sharing its pain. x3
You block the large abomination's attack.
You block the small abomination's attack.
The small abomination is engulfed in blazing flames.
The small abomination hits you!
* * * LOW HITPOINT WARNING * * *
The small abomination is engulfed in blazing flames.
The small abomination barely misses you.
You feel better.
The large abomination completely misses you.
The small abomination is struck by your spines.
The small abomination hits you!
* * * LOW HITPOINT WARNING * * *
The small abomination is engulfed in blazing flames.
You destroy the small abomination!
The small abomination is engulfed in blazing flames.
You block the small abomination's attack.
You can now merge with and destroy a victim.
You hit the large abomination.
The large abomination is severely damaged.
You feel a little less mighty now.
The small abomination is struck by your spines.
The small abomination barely misses you.
The large abomination hits you!!
You die...

........................#8#
########...###########§.###
..©!≈.G#...#!X#.©.#?=#..#
.≈...≈u#...##..#.#..##..###
≈...≈≈G#...#.#..#..#.#..#8#
.≈≈≈.≈.#...#..#...#..#..###
.≈©≈..≈#...##..#.#..##..#
≈...≈.≈#...#.#..#X.#.#..###
≈.≈≈.≈.#...#..#°@x#..#..#8#
..≈..≈.#...#...#x#...#..###
...≈≈..#...#....#....#..#
########...###########..###
#.©.#....≈....#.©.#.....#8#
#...#...≈8§...#...#.8...###
#.©.#....≈....#.©.#.....#
########...###########..###
.?©.W..#...##.#.©...##..#8#


You could see a large abomination and 2 small abominations.

Vanquished Creatures
  Harold (D:11)
  2 two-headed ogres
  2 soul eaters (Gauntlet)
  A large abomination (Gauntlet)
  An orc knight (Bailey)
  2 cyclopes (D:11)
  A cane toad (Lair:1)
  2 trolls
  4 small abominations (Gauntlet)
  A wraith (D:10)
  A steam dragon (D:9)
  A basilisk (Lair:1)
  13 yaks
  4 vampire mosquitoes
  A water moccasin (D:9)
  9 orc warriors
  Duvessa (D:5)
  3 sky beasts
  2 black bears
  2 ogres
  5 centaurs
  7 kobold brigands
  6 bullfrogs
  A gnoll sergeant (D:9)
  A scorpion (D:5)
  6 wights
  Dowan (D:5)
  16 killer bees
  2 howler monkeys (D:10)
  An electric eel (Lair:1)
  3 bombardier beetles
  2 hounds
  3 jellies
  A gnoll bouda (D:9)
  7 orc priests
  3 iguanas
  Ijyb (D:3)
  3 sleepcaps
  8 orc wizards
  15 gnolls
  8 adders
  7 shadow imps (Gauntlet)
  2 white imps
  2 ufetubi (D:6)
  3 dart slugs (D:2)
  2 ribbon worms
  64 orcs
  3 bats
  8 endoplasms
  8 giant cockroaches
  11 hobgoblins
  6 jackals
  25 kobolds
  2 quokkas
  6 ball pythons
  4 frilled lizards (D:1)
  15 goblins
  6 rats
328 creatures vanquished.

Vanquished Creatures (others)
  An endoplasm (D:2)
  A frilled lizard (D:2)
2 creatures vanquished.

Grand Total: 330 creatures vanquished

Notes
Turn   | Place    | Note
-------+----------+-------------------------------------------
     0 | D:1      | firemarshallily the Demonspawn Gladiator began the quest
                  | for the Orb.
     0 | D:1      | Reached XP level 1. HP: 16/16 MP: 1/1
   166 | D:1      | Gained mutation: You are partially covered in sharp spines.
                  | [demonic ancestry]
   166 | D:1      | Reached XP level 2. HP: 11/23 MP: 2/2
   938 | D:2      | Gained mutation: You are partially covered in razor-sharp
                  | scales. (AC +1, Slay +1) [demonic ancestry]
   938 | D:2      | Reached XP level 3. HP: 28/28 MP: 3/3
   988 | D:2      | Found a faded altar of an unknown god.
  1139 | D:2      | Reached skill level 1 in Armour
  1260 | D:2      | Reached skill level 3 in Fighting
  1840 | D:3      | Gained mutation: Your demonic aura sometimes causes spilled
                  | blood to erupt in flames. [demonic ancestry]
  1840 | D:3      | Reached XP level 4. HP: 35/35 MP: 4/4
  1854 | D:3      | Identified the +1 sling of Coxtuga {drain, rCorr}
  1930 | D:3      | Noticed Ijyb
  1948 | D:3      | Killed Ijyb
  1949 | D:3      | Gained mutation: You have large cloven feet. [demonic
                  | ancestry]
  1949 | D:3      | Reached XP level 5. HP: 5/42 MP: 5/5
  2784 | D:4      | Reached skill level 4 in Fighting
  2784 | D:4      | Reached skill level 1 in Shields
  2881 | D:4      | Gained mutation: Your demonic aura often causes spilled
                  | blood to erupt in flames. [demonic ancestry]
  2881 | D:4      | Reached XP level 6. HP: 48/48 MP: 6/6
  3313 | D:4      | Found a staircase to the Ecumenical Temple.
  3319 | Temple   | Entered the Ecumenical Temple
  3334 | Temple   | Became a worshipper of Uskayaw the Reveller
  3427 | D:4      | Reached * piety under Uskayaw
  3428 | D:4      | Gained mutation: You are mostly covered in sharp spines.
                  | [demonic ancestry]
  3428 | D:4      | Reached XP level 7. HP: 55/55 MP: 7/7
  3445 | D:4      | Reached ** piety under Uskayaw
  3702 | D:5      | Entered Level 5 of the Dungeon
  3805 | D:5      | Reached skill level 5 in Fighting
  3889 | D:5      | Reached *** piety under Uskayaw
  3892 | D:5      | Noticed Duvessa
  3892 | D:5      | Reached **** piety under Uskayaw
  3899 | D:5      | Noticed Dowan
  3899 | D:5      | Reached ***** piety under Uskayaw
  3900 | D:5      | Killed Duvessa
  3925 | D:5      | Killed Dowan
  3930 | D:5      | Reached ****** piety under Uskayaw
  4722 | D:6      | Reached skill level 6 in Fighting
  4722 | D:6      | Gained mutation: You are mostly covered in razor-sharp
                  | scales. (AC +2, Slay +2) [demonic ancestry]
  4722 | D:6      | Reached XP level 8. HP: 31/64 MP: 8/8
  5539 | D:7      | Reached skill level 5 in Shields
  5660 | D:7      | Found a flagged portal.
  5678 | D:7      | Reached skill level 7 in Fighting
  5678 | D:7      | Reached skill level 5 in Long Blades
  5678 | D:7      | Reached skill level 5 in Dodging
  5686 | Bailey   | Entered a bailey
  5727 | Bailey   | Reached XP level 9. HP: 53/72 MP: 9/9
  5834 | Bailey   | Noticed an orc knight
  5847 | Bailey   | Killed an orc knight
  5853 | Bailey   | Got the Book of the Elixir and Unholy Magic
  5858 | Bailey   | Identified the +0 leather armour of Sophism {^Contam Fly
                  | rN+}
  5892 | Bailey   | Reached skill level 8 in Fighting
  5896 | Bailey   | Gained mutation: You are frail. (-10% HP) [potion of
                  | mutation]
  5896 | Bailey   | Gained mutation: Your flesh is cold resistant. (rC+)
                  | [potion of mutation]
  5896 | Bailey   | Gained mutation: Your skin changes colour to match your
                  | surroundings (Stealth+). [potion of mutation]
  6206 | Bailey   | Found an iron altar of Okawaru.
  6625 | D:7      | Found a burning altar of Makhleb.
  7000 | D:8      | Reached skill level 9 in Fighting
  7442 | D:8      | Gained mutation: You are completely covered in sharp
                  | spines. [demonic ancestry]
  7442 | D:8      | Reached XP level 10. HP: 74/74 MP: 10/10
  7695 | D:8      | Noticed a two-headed ogre
  7700 | D:8      | Killed a two-headed ogre
  8151 | D:9      | Reached skill level 10 in Fighting
  8592 | D:9      | Gained mutation: Your health recovers twice as slowly from
                  | being drained. [mutagenic glow]
  8593 | D:9      | Lost mutation: Your health recovers twice as slowly from
                  | being drained. [potion of mutation]
  8593 | D:9      | Lost mutation: You are frail. (-10% HP) [potion of
                  | mutation]
  8593 | D:9      | Lost mutation: Your skin changes colour to match your
                  | surroundings (Stealth+). [potion of mutation]
  8593 | D:9      | Gained mutation: You possess an exceptional clarity of
                  | mind. [potion of mutation]
  8593 | D:9      | Gained mutation: You are resistant to electric shocks.
                  | (rElec) [potion of mutation]
  8682 | D:10     | Entered Level 10 of the Dungeon
  8693 | D:10     | Found a staircase to the Orcish Mines.
  9030 | D:10     | Found a staircase to the Lair.
  9156 | D:11     | Noticed a cyclops
  9161 | D:11     | Killed a cyclops
  9164 | D:11     | Noticed a two-headed ogre
  9167 | D:11     | Killed a two-headed ogre
  9168 | D:11     | Reached XP level 11. HP: 77/92 MP: 11/11
  9264 | D:11     | Reached skill level 11 in Fighting
  9280 | D:11     | Noticed Harold
  9292 | D:11     | Killed Harold
  9398 | D:11     | Found Cupaim's Antique Weapon Boutique.
  9433 | D:11     | Found Seodarre's Armour Shoppe.
  9522 | D:11     | Found Exzoel's Book Emporium.
  9546 | D:11     | Found Liyhuahi's Antique Weapon Emporium.
  9724 | D:11     | Found Cyjigyu's Distillery.
  9740 | D:11     | Bought a potion of berserk rage for 55 gold pieces
  9740 | D:11     | Bought a potion of might for 44 gold pieces
  9740 | D:11     | Bought a potion of curing for 33 gold pieces
  9740 | D:11     | Bought a potion of curing for 33 gold pieces
  9740 | D:11     | Bought a potion of magic for 88 gold pieces
  9740 | D:11     | Bought a potion of cancellation for 88 gold pieces
  9740 | D:11     | Bought a potion of degeneration for 11 gold pieces
  9813 | D:11     | Found a shimmering blue altar of Sif Muna.
  9974 | Lair:1   | Entered Level 1 of the Lair of Beasts
  9979 | Lair:1   | Identified a scroll of acquirement
  9979 | Lair:1   | Acquired 861 gold pieces
 10053 | Lair:1   | Reached skill level 5 in Armour
 10210 | Lair:1   | Found a gate leading to a gauntlet.
 10220 | Gauntlet | Entered a Gauntlet
 10220 | Gauntlet | Noticed a soul eater
 10220 | Gauntlet | Found a transporter.
 10220 | Gauntlet | Found a transporter.
 10220 | Gauntlet | Found a transporter.
 10232 | Gauntlet | Found a transporter.
 10236 | Gauntlet | Found a transporter.
 10251 | Gauntlet | Found a transporter.
 10252 | Gauntlet | Noticed a soul eater
 10255 | Gauntlet | Found a transporter.
 10257 | Gauntlet | Noticed a glowing orange brain
 10257 | Gauntlet | Noticed a glowing orange brain
 10258 | Gauntlet | Noticed a white ugly thing
 10271 | Gauntlet | Noticed a large abomination
 10272 | Gauntlet | Found a transporter.
 10294 | Gauntlet | Noticed a large abomination
 10297 | Gauntlet | Found a transporter.
 10314 | Gauntlet | Found a transporter.
 10318 | Gauntlet | Found a transporter.
 10329 | Gauntlet | Found a transporter.
 10396 | Gauntlet | Killed a soul eater
 10397 | Gauntlet | Reached skill level 12 in Fighting
 10411 | Gauntlet | Identified the staff of Offence {rPois rCorr Alchemy}
 10614 | Gauntlet | Killed a soul eater
 10671 | Gauntlet | Killed a large abomination
 10679 | Gauntlet | Slain by a large abomination

Illustrated notes

Levels and vault maps discovered:
D:1:      zaba_arrival_water, layout_basic, chequers_serial_rivers_small_3
D:2:      layout_basic, hellmonk_ecumenical_altar_heavens_door,
          lemuel_flame_loot_1
D:3:      kennysheep_the_goblin_king, layout_basic, uniq_ijyb
D:4:      layout_basic, minmay_temple_entry_enclosed_plants,
          serial_bayou_crossing
D:5:      layout_basic, uniq_duvessa
D:6:      layout_rooms, serial_rivers, chequers_serial_rivers_large_a,
          chequers_serial_rivers_micro_c, chequers_serial_rivers_micro_c,
          chequers_serial_rivers_large_b, chequers_serial_rivers_room_a,
          chequers_serial_rivers_micro_d
D:7:      layout_basic, makhleb_blood_cavern_becter, enter_bailey_5,
          minmay_manual_mandibuliform
D:8:      layout_loops_ring, serial_co_window_serial,
          co_window_of_opportunity_a, co_window_paths_a, co_window_corner_a,
          co_window_corner_a, co_window_corner_a, co_window_of_opportunity_a,
          co_window_paths_b, co_window_of_opportunity_a,
          co_window_of_opportunity_a, co_window_corner_b, co_window_paths_c,
          co_window_broadway_b, glass_columns_a, glass_columns_a,
          glass_columns_b, glass_columns_b, special_room [special_room_orc]
D:9:      layout_roguey
D:10:     layout_rooms, lair_entry_dummy, orc_0_dummy, serial_corexii_hall,
          chequers_hall_statues_corner_a, chequers_hall_statues_corner_a,
          nrook_mini_backslash
D:11:     layout_gridville, serial_shops, nicolae_take_the_stairs, shop, shop,
          shop, nicolae_shop_temple_entry_statues_fountains,
          kennysheep_orc_sif_temple, uniq_harold
Temple:   compressed_dpeg_circular_temple
Lair:1:   layout_layer_cave, gauntlet_entry_generic, grunt_megastairs_2,
          serial_bayou_shore_b, serial_bayou_shore_a
Gauntlet: gammafunk_gauntlet_hard_choice [gammafunk_gauntlet_arena_hedges,
          nicolae_gauntlet_arena_t_cross,
          gammafunk_gauntlet_arena_split_diamond,
          gammafunk_gauntlet_arena_mazey, nicolae_gauntlet_arena_flowing_pool,
          gammafunk_gauntlet_arena_arrow_garden, gauntlet_exit_watery]

Skill      XL: |  1  2  3  4  5  6  7  8  9 10 11 |
---------------+----------------------------------+-----
Long Blades    | 3 4 5 6 7 8 |  8.4
Dodging        | 3 4 5 6 7 8 |  8.4
Armour         | 1 2 4 5 |  5.0
Fighting       | 3 4 6 7 9 10 12 | 12.4
Shields        | 1 2 4 5 6 |  6.0
Throwing       | |  1.7

Action                     |  1- 3 |  4- 6 |  7- 9 | 10-12 || total
---------------------------+-------+-------+-------+-------++-------
  Melee: Long sword        |    88 |    99 |   195 |    36 ||   418
         Punch             |     3 |       |       |       ||     3
         Kick              |       |    24 |    64 |    53 ||   141
         Scimitar          |       |       |       |   123 ||   123
  Throw: Dart              |       |       |    21 |     1 ||    22
         Javelin           |       |       |     3 |       ||     3
         Throwing net      |       |       |     1 |       ||     1
    Use: Potion            |       |     3 |     7 |     3 ||    13
         Scroll            |       |       |     5 |    10 ||    15
   Stab: Sleeping          |     3 |     2 |     3 |     2 ||    10
         Invisible         |       |     1 |       |       ||     1
         Distracted        |       |     1 |     1 |       ||     2
         Paralysed         |       |       |    10 |    13 ||    23
 Armour: Leather armour    |    44 |    55 |   107 |    34 ||   240
         Steam dragon scal |       |       |       |    46 ||    46
  Dodge: Dodged            |    55 |    59 |   113 |   103 ||   330
  Block: Buckler           |       |    23 |    79 |    65 ||   167
